 Dungeon Crawl Stone Soup version 0.29.0-5-ge4962eb29e (webtiles) character file.

Game seed: 15691957173564456550

665 ImASeal the Covert (level 7, -2/67 (69) HPs)
             Began as an Octopode Brigand on Aug 29, 2022.
             Slain by a wight
             ... wielding a +1 halberd
              (7 damage)
             ... on level 5 of the Dungeon.
             The game lasted 00:12:22 (4885 turns).

ImASeal the Covert (Octopode Brigand)               Turns: 4885, Time: 00:12:25

HP:   -2/67 (69)    AC: 23    Str: 10    XL:     7   Next: 57%
MP:   7/7           EV:  2    Int: 14    God:
Gold: 145           SH:  0    Dex: 15    Spells: 5/6 levels left

rFire   + . .      SeeInvis .   a - +2 dagger
rCold   x . .      Faith    .   (no shield)
rNeg    . . .      Spirit   .   (helmet currently unavailable)
rPois   +          Reflect  .   (no amulet)
rElec   .          Harm     .   i - ring of fire
rCorr   +          Rampage  .   r - +4 ring of slaying
Will    .....      NoTele   +   v - ring of resist corrosion
Stlth   ++++......              (no ring)
HPRegen 0.21/turn               (no ring)
MPRegen 0.10/turn               (no ring)
                                (no ring)
                                (no ring)

@: tree-form, lightly drained
A: stationary, stasis, torment immunity, boosted hp, almost no armour,
(amphibious), 8 rings, (camouflage 1), (gelatinous body 1), (nimble swimmer 1),
(tentacles)
a: no special abilities


You were on level 5 of the Dungeon.
You were a tree.
You visited 1 branch of the dungeon, and saw 5 of its levels.

You collected 145 gold pieces.

Inventory:

Hand Weapons
 a - a +2 dagger (weapon)
Missiles
 b - 5 poisoned darts (quivered)
 c - 3 curare-tipped darts
Armour
 k - an orb of wrath
Jewellery
 i - a ring of fire (left branch)
 r - a +4 ring of slaying (right branch)
 v - a ring of resist corrosion (on tentacle)
 C - an amulet of regeneration
Wands
 y - a wand of flame (10)
Scrolls
 d - 2 scrolls of enchant weapon {unknown}
 e - 2 scrolls of vulnerability {unknown}
 h - 3 scrolls of teleportation {unknown}
 j - 2 scrolls of blinking {unknown}
 l - 5 scrolls of identify {unknown}
 n - a scroll of amnesia {unknown}
 t - 3 scrolls of noise {unknown}
 w - 2 scrolls of fear {unknown}
Potions
 f - 3 potions of berserk rage {unknown}
 g - 3 potions of heal wounds {unknown}
 o - 2 potions of lignification
 p - 2 potions of flight {unknown}
 q - a potion of degeneration {unknown}
 s - a potion of cancellation {unknown}
 x - 2 potions of curing {unknown}
 z - 2 potions of mutation {unknown}
 A - a potion of brilliance {unknown}
 B - 2 potions of might {unknown}


   Skills:
 + Level 3.3 Fighting
 + Level 4.2 Short Blades
 + Level 2.2 Throwing
 + Level 2.2 Dodging
 + Level 10.0 Stealth
 + Level 0.1 Spellcasting
 + Level 0.1 Translocations


You had 5 spell levels left.
You knew the following spells:

 Your Spells              Type           Power      Damage    Failure   Level
a - Apportation           Tloc           0%         N/A       26%         1

Your spell library contained the following spells:

 Spells                   Type           Power      Damage    Failure   Level


Dungeon Overview and Level Annotations

Branches:
Dungeon (5/15)             Temple (0/1) D:5

Altars:
Gozag
Wu Jian


Innate Abilities, Weirdness & Mutations

You are a tree.
Your roots penetrate the ground, keeping you stationary.
You cannot be teleported.
You are immune to unholy pain and torment.
Your maximum health is greatly increased.
You cannot wear most types of armour.
((You are amphibious.))
You can wear up to eight rings at the same time.
((Your skin changes colour to match your surroundings (Stealth+).))
((Your rubbery body absorbs attacks. (AC +1, EV +1)))
((You are camouflaged when in or above water. (Stealth+)))
((You have tentacles for arms and can constrict up to eight enemies at once.))


Message History

You hit the wight but do no damage.
The wight is moderately damaged.
Your adder bites the wight.
The wight closely misses your adder. The wight hits you with a +1 halberd.
* * * LOW HITPOINT WARNING * * *
You hit the wight but do no damage.
The wight is severely damaged.
Your adder bites the wight but does no damage.
You barely miss the wight.
The wight is severely damaged.
Your adder barely misses the wight.
The wight misses your adder. The wight hits you but does no damage.
You hit the wight but do no damage.
The wight is severely damaged.
Your adder barely misses the wight.
The wight hits your adder with a +0 spear.
The wight drains your adder. The wight barely misses you.
You hit the wight but do no damage.
The wight is severely damaged.
Your adder closely misses the wight.
The wight barely misses your adder. The wight hits you with a +1 halberd.
* * * LOW HITPOINT WARNING * * *
You feel drained.
* * * LOW HITPOINT WARNING * * *
You barely miss the wight.
The wight is severely damaged.
Your adder bites the wight but does no damage.
You barely miss the wight.
The wight is severely damaged.
Your adder barely misses the wight.
The wight closely misses your adder. The wight hits you with a +1 halberd.
* * * LOW HITPOINT WARNING * * *
You hit the wight but do no damage.
The wight is severely damaged.
Your adder misses the wight.
The wight hits your adder with a +0 spear!
Your adder dies!
Your adder's corpse dissolves into shadows!
The wight hits you with a +1 halberd!
You die...

#...'............(...#.......
#...#................#.......
#...#................#.......
#.........###.(##....##'#####
#########'###).##....#.......
#.........#.....'.......
#......z..#.....#.......
#.........#.....#.......
#...))z♣...#....#.......
#....##....######.......
#....##...## #.......
##...##....# #.......
######....# ######## #....#
#....# #....# ######


You could see 2 wights.

Vanquished Creatures
  Grinder (D:5)
  An ice beast (D:3)
  Blork the orc (D:4)
  2 wights (D:5)
  A hound (D:5)
  An iguana (D:5)
  Robin (D:4)
  4 adders
  An ufetubus (D:5)
  3 worms (D:2)
  5 dart slugs
  5 orcs
  2 ball pythons (D:4)
  2 bats
  11 endoplasms
  4 giant cockroaches
  15 goblins
  8 hobgoblins
  7 kobolds
  3 quokkas
  6 frilled lizards
  4 rats
88 creatures vanquished.

Notes
Turn   | Place    | Note
-------+----------+-------------------------------------------
     0 | D:1      | ImASeal the Octopode Brigand began the quest for the Orb.
     0 | D:1      | Reached XP level 1. HP: 14/14 MP: 1/1
   106 | D:1      | Found a faded altar of an unknown god.
   111 | D:1      | Reached XP level 2. HP: 19/19 MP: 2/2
   199 | D:1      | Got Plato's Atlas of Peregrination
   203 | D:1      | Learned a level 1 spell: Apportation
   400 | D:1      | Reached skill level 6 in Stealth
   514 | D:1      | You fall into a shaft and drop 1 floor!
   537 | D:1      | Reached XP level 3. HP: 8/24 MP: 3/3
  1777 | D:2      | Reached skill level 7 in Stealth
  1780 | D:2      | Reached XP level 4. HP: 23/30 MP: 4/4
  2335 | D:3      | Noticed an ice beast
  2338 | D:3      | Killed an ice beast
  2339 | D:3      | Reached XP level 5. HP: 35/35 MP: 5/5
  2410 | D:3      | Reached skill level 8 in Stealth
  3210 | D:4      | Noticed Blork the orc
  3216 | D:4      | Killed Blork the orc
  3217 | D:4      | Reached XP level 6. HP: 41/41 MP: 6/6
  3522 | D:4      | Noticed Robin
  3595 | D:4      | Killed Robin
  3728 | D:4      | Found an ornate altar of the Wu Jian Council.
  3728 | D:4      | Found an opulent altar of Gozag.
  3839 | D:5      | Entered Level 5 of the Dungeon
  4112 | D:5      | Found a staircase to the Ecumenical Temple.
  4147 | D:5      | Reached skill level 9 in Stealth
  4432 | D:5      | Noticed Grinder
  4440 | D:5      | Paralysed by Grinder for 3 turns
  4453 | D:5      | Killed Grinder
  4454 | D:5      | Reached XP level 7. HP: 20/46 MP: 7/7
  4857 | D:5      | Reached skill level 10 in Stealth
  4885 | D:5      | Slain by a wight

Illustrated notes

Levels and vault maps discovered:
D:1:      lightli_arrival_isolated_outpost, layout_basic,
          shapermc_ecumenical_altar_rom_forum
D:2:      layout_rooms
D:3:      layout_loops_cross, minmay_strange_pillars
D:4:      layout_loops_cross, gammafunk_temple_overflow_statue, uniq_robin,
          uniq_blork_the_orc
D:5:      layout_gridville, minmay_temple_entry_statues_fountains, uniq_grinder

Skill      XL: |  1  2  3  4  5  6  7 |
---------------+----------------------+-----
Stealth        | 6 7 8 9 10 | 10.0
Short Blades   | 3 4 |  4.2
Dodging        | 2 |  2.2
Fighting       | 3 |  3.3
Throwing       | |  2.2
Spellcasting   | |  0.1
Translocations | |  0.1

Action                   |  1- 3 |  4- 6 |  7- 9 || total
-------------------------+-------+-------+-------++-------
Melee: Dagger            |    55 |    98 |    33 ||   186
       Constrict         |    10 |    19 |     6 ||    35
       Tentacles         |     6 |    13 |     3 ||    22
       Punch             |     2 |       |     1 ||     3
Throw: Dart              |       |     4 |     7 ||    11
  Use: Scroll            |       |       |     2 ||     2
       Potion            |       |       |     1 ||     1
 Stab: Sleeping          |    15 |    14 |       ||    29
       Distracted        |       |     2 |       ||     2
Armor: Skin              |     2 |     5 |    10 ||    17
Dodge: Dodged            |    24 |    37 |    11 ||    72
